 Dungeon Crawl Stone Soup version 0.30-a0-636-g200c5c4a83 (webtiles) character file.

Game seed: 16200898152629733402

213 BaabKaare the Firebug (level 6, 0/41 HPs)
             Began as a Human Fire Elementalist on Jan 15, 2023.
             Was an Initiate of the Shining One.
             Slain by an iguana (1 damage)
             ... on level 4 of the Dungeon.
             The game lasted 00:12:57 (4864 turns).

BaabKaare the Firebug (Human Fire Elementalist)     Turns: 4864, Time: 00:12:57

Health: 0/41       AC:  2    Str:  8    XL:     6   Next: 14%
Magic:  8/11       EV: 12    Int: 18    God:    the Shining One [......]
Gold:   281        SH:  0    Dex: 13    Spells: 3/12 levels left

rFire   . . .      SeeInvis .    (no weapon)
rCold   . . .      Faith    +    (no shield)
rNeg    . . .      Spirit   .    a - +0 robe
rPois   .          Reflect  .    (no helmet)
rElec   .          Harm     .    (no cloak)
rCorr   .          Rampage  .    (no gloves)
Will    .....                    (no boots)
Stlth   +                        p - amulet of faith
HPRegen 0.26/turn                (no ring)
MPRegen 0.12/turn                (no ring)

@: glowing
A: no striking features
a: Renounce Religion


You were on level 4 of the Dungeon.
You worshipped the Shining One.
The Shining One was noncommittal.
You visited 1 branch of the dungeon, and saw 4 of its levels.

You collected 281 gold pieces.

Inventory:

Armour
 a - a +0 robe (worn)
Jewellery
 k - a ring of resist corrosion
 p - an amulet of faith (around neck)
Scrolls
 c - 4 scrolls of identify {unknown}
 e - 2 scrolls of torment {unknown}
 i - 2 scrolls of magic mapping {unknown}
 j - 2 scrolls of teleportation {unknown}
 n - a scroll of enchant armour {unknown}
 o - a scroll of butterflies {unknown}
 r - a scroll of amnesia {unknown}
 s - a scroll of poison {unknown}
Potions
 b - 2 potions of magic
 d - a potion of heal wounds {unknown}
 f - 2 potions of haste {unknown}
 g - a potion of degeneration {unknown}
 h - a potion of berserk rage {unknown}
 l - 2 potions of might {unknown}
 m - a potion of lignification {unknown}
 q - a potion of cancellation {unknown}
 t - a potion of curing {unknown}


   Skills:
 + Level 0.1 Fighting
 + Level 2.3 Dodging
 + Level 2.5 Stealth
 + Level 3.5 Spellcasting
 + Level 2.1 Conjurations
 + Level 4.5 Fire Magic


You had 3 spell levels left.
You knew the following spells:

 Your Spells              Type           Power      Damage    Failure   Level
a - Foxfire               Conj/Fire      60%        2x1d7     4%          1
b - Scorch                Fire           38%        2d7       3%          2
c - Inner Flame           Hex/Fire       11%        N/A       19%         3
d - Kindle Blastsparks    Fire/Tloc/Air  16%        2d11      26%         3

Your spell library contained the following spells:

 Spells                   Type           Power      Damage    Failure   Level
 Sublimation of Blood     Necr           3%         N/A       24%         2
 Gell's Gravitas          Tloc           3%         N/A       43%         3
 Lesser Beckoning         Tloc           6%         N/A       43%         3
 Teleport Other           Tloc           3%         N/A       43%         3
 Flame Wave               Conj/Fire      15%        2d7       36%         4
 Petrify                  Tmut/Erth      3%         N/A       83%         4
 Irradiate                Conj/Tmut      3%         3d12      95%         5


Dungeon Overview and Level Annotations

Branches:
Dungeon (4/15)
 Temple: D:4-7

Altars:
The Shining One


Message History

You start memorising the spell.
You continue memorising. x3
You finish memorising.
Spell assigned to 'd'.
Okay, then.
An iguana comes into view.
The iguana hisses angrily.
The iguana hisses menacingly.
Casting: Foxfire (safe; 4% risk of failure)
Confirm with . or Enter, or press ? or * to list all spells.
You conjure some foxfire!
The foxfire hits the iguana.
The iguana is moderately wounded.
The foxfire hits the iguana.
The iguana is moderately wounded.
Casting: Foxfire (safe; 4% risk of failure)
Confirm with . or Enter, or press ? or * to list all spells.
You conjure some foxfire!
The foxfire hits the iguana but does no damage.
The iguana is moderately wounded.
The foxfire hits the iguana.
The iguana is heavily wounded.
The iguana bites you!
Casting: Foxfire (safe; 4% risk of failure)
Confirm with . or Enter, or press ? or * to list all spells.
You conjure some foxfire!
The iguana bites you!
The foxfire hits the iguana.
The iguana is severely wounded.
The foxfire hits the iguana.
The iguana is severely wounded.
The iguana bites you!
* * * LOW HITPOINT WARNING * * *
Casting: Foxfire (safe; 4% risk of failure)
Confirm with . or Enter, or press ? or * to list all spells.
You conjure some foxfire!
The iguana bites you.
* * * LOW HITPOINT WARNING * * *
The foxfire hits the iguana.
The iguana is almost dead.
The foxfire hits the iguana but does no damage.
The iguana is almost dead.
The iguana bites you.
You die...

....###.### ### .##.#
#.# #.. .# .##.# #.# #
#.. .# # .##.###.#
#.#..###.##.# ........#
#.#........ ###.######
........ #.......#
#.#..# ##§PPP.#.# #..l.#
.).P§§.#.# ###@.#
#.§.≈≈P#.######.§.####.
.<.§§...................
#...#(##.######...####..
##.##.##.# .......#
......##.# #.##.##.#
##.......# .. .# #
####.#### ##. .# #.# #.
##


You could see an iguana.

Vanquished Creatures
  A jelly (D:4)
  A quasit (D:3)
  3 adders
  A white imp (D:4)
  2 worms
  A dart slug (D:3)
  5 bats
  9 endoplasms
  4 giant cockroaches
  3 goblins
  8 hobgoblins
  10 jackals
  13 kobolds
  3 quokkas
  11 ball pythons
  5 frilled lizards
  2 goblin skeletons (D:4)
  2 hobgoblin zombies (D:4)
  2 kobold skeletons (D:4)
  2 kobold zombies (D:4)
  2 orc skeletons (D:4)
  An orc zombie (D:4)
  3 rats
94 creatures vanquished.

Vanquished Creatures (collateral kills)
  2 foxfires (D:4)
2 creatures vanquished.

Vanquished Creatures (others)
  4 demonic plants (D:4)
  223 foxfires
227 creatures vanquished.

Grand Total: 323 creatures vanquished

Notes
Turn   | Place    | Note
-------+----------+-------------------------------------------
     0 | D:1      | BaabKaare the Human Fire Elementalist began the quest for
                  | the Orb.
     0 | D:1      | Reached XP level 1. HP: 13/13 MP: 3/3
   233 | D:1      | Reached XP level 2. HP: 19/19 MP: 1/5
   237 | D:1      | Learned a level 2 spell: Scorch
   629 | D:2      | Reached XP level 3. HP: 23/24 MP: 1/6
   896 | D:1      | Learned a level 3 spell: Inner Flame
  1853 | D:2      | Reached XP level 4. HP: 30/30 MP: 5/7
  2414 | D:2      | Reached skill level 4 in Fire Magic
  3287 | D:4      | Found a glowing golden altar of the Shining One.
  3294 | D:3      | Reached XP level 5. HP: 32/35 MP: 6/9
  4712 | D:4      | Became a worshipper of the Shining One
  4808 | D:4      | Reached XP level 6. HP: 32/41 MP: 6/11
  4846 | D:4      | Learned a level 3 spell: Kindle Blastsparks
  4863 | D:4      | HP: 1/41 [iguana (5)]
  4864 | D:4      | Slain by an iguana

Illustrated notes

Levels and vault maps discovered:
D:1:      eino_arrival_cavern_c, layout_basic
D:2:      layout_basic, minmay_joined_circles
D:3:      layout_basic
D:4:      layout_loops_corners, nicolae_tso_besieged_by_evil, serial_shops,
          shop, serial_demonic, serial_demonic_a, serial_demonic_f,
          serial_demonic_g, serial_demonic_b, serial_demonic_g,
          serial_demonic_g, gammafunk_ghost_necromancy

Skill      XL: |  1  2  3  4  5 |
---------------+----------------+-----
Fire Magic     | 4 |  4.5
Spellcasting   | 3 |  3.5
Conjurations   | 2 |  2.1
Fighting       | |  0.1
Dodging        | |  2.3
Stealth        | |  2.5

Action                   |  1- 3 |  4- 6 || total
-------------------------+-------+-------++-------
Melee: Unarmed           |     1 |     2 ||     3
 Cast: Foxfire           |    40 |    82 ||   122
       Scorch            |     4 |    13 ||    17
Armor: Robe              |     4 |    16 ||    20
Dodge: Dodged            |    25 |    73 ||    98

Table legend: (Time is in decaauts)
 A = Elapsed time spent in this place.
 B = Non-inter-level travel time spent in this place.
 C = Inter-level travel time spent in this place.
 D = Time resting spent in this place.
 E = Time spent auto-exploring this place.
 F = Levels seen in this place.
 G = Mean time per level.
                   A        B        C        D        E       F      G
               +--------+--------+--------+--------+--------+-----+--------+
         Total |   4869 |   4779 |     90 |   2539 |   1057 |   4 | 1217.2 |
       Dungeon |   4869 |   4779 |     90 |   2539 |   1057 |   4 | 1217.2 |
               +--------+--------+--------+--------+--------+-----+--------+

Top non-repeatable levels by time:
     D:1: 1525 daAuts
     D:2: 1437 daAuts
     D:3: 1343 daAuts
     D:4: 562 daAuts
